 Dungeon Crawl Stone Soup version 0.29.0-11-gd7f09526c8 (webtiles) character file.

Game seed: 14743518095842334681

209 xian the Chopper (level 5, -1/41 HPs)
             Began as a Demonspawn Monk on Sept 6, 2022.
             Slain by a gnoll
             ... wielding a +0 flail
              (5 damage)
             ... on level 4 of the Dungeon.
             The game lasted 00:05:03 (3555 turns).

xian the Chopper (Demonspawn Monk)                  Turns: 3555, Time: 00:05:04

Health: -1/41      AC:  7    Str: 14    XL:     5   Next: 55%
Magic:  5/5        EV: 11    Int: 11    God:
Gold:   128        SH:  4    Dex: 15    Spells: 4/4 levels left

rFire   . . .      SeeInvis .   l - +2 hand axe (venom)
rCold   . . .      Faith    .   (no shield)
rNeg    . . .      Spirit   .   j - +0 ring mail
rPois   .          Reflect  .   (no helmet)
rElec   .          Harm     .   (no cloak)
rCorr   .          Rampage  .   (no gloves)
Will    .....                   (no boots)
Stlth   +.........              (no amulet)
HPRegen 0.13/turn               (no ring)
MPRegen 0.18/turn               (no ring)

@: no status effects
A: claws 1, thin metallic scales 1, magic regeneration, condensation shield
a: no special abilities


You were on level 4 of the Dungeon.
You visited 1 branch of the dungeon, and saw 4 of its levels.

You collected 128 gold pieces.

Inventory:

Hand Weapons
 l - a +2 hand axe of venom (weapon)
Missiles
 i - 5 boomerangs (quivered)
 o - 3 poisoned darts
Armour
 j - a +0 ring mail (worn)
Jewellery
 a - an amulet of regeneration
 t - an amulet of guardian spirit
Scrolls
 d - 2 scrolls of enchant armour {unknown}
 g - a scroll of blinking
 h - a scroll of magic mapping {unknown}
 m - 3 scrolls of torment
 n - a scroll of vulnerability
 p - a scroll of butterflies {unknown}
 r - a scroll of noise {unknown}
Potions
 b - a potion of magic {unknown}
 c - a potion of ambrosia
 e - a potion of flight {unknown}
 k - a potion of berserk rage {unknown}
 q - a potion of brilliance {unknown}
 s - a potion of curing {unknown}
 u - 2 potions of attraction {unknown}
 v - 2 potions of haste {unknown}
 w - a potion of heal wounds {unknown}
 x - a potion of might {unknown}


   Skills:
 + Level 3.5 Fighting
 + Level 3.8 Axes
 * Level 2.7 Throwing
 + Level 0.9 Armour
 + Level 3.2 Dodging
 + Level 2.2 Stealth


You had 4 spell levels left.
You didn't know any spells.
Your spell library contained the following spells:

 Spells                   Type           Power      Damage    Failure   Level
 Slow                     Hex            0%         N/A       58%         1
 Confusing Touch          Hex            0%         N/A       91%         3
 Ozocubu's Armour         Ice            0%         N/A       91%         3
 Stone Arrow              Conj/Erth      0%         3d7       91%         3
 Vampiric Draining        Necr           0%         2d6       91%         3
 Animate Armour           Summ/Erth      0%         N/A       100%        4
 Metabolic Englaciation   Hex/Ice        0%         N/A       100%        5
 Simulacrum               Ice/Necr       0%         N/A       100%        6
 Lehudib's Crystal Spear  Conj/Erth      0%         10d2      100%        8


Dungeon Overview and Level Annotations

Branches:
Dungeon (4/15)
 Temple: D:4-7

Altars:
Vehumet


Innate Abilities, Weirdness & Mutations

You have sharp fingernails.
You are partially covered in thin metallic scales. (AC +2)
You regenerate magic rapidly.
A meltable shield of frost defends you. (SH +4)


Message History

The boomerang barely misses the orc.
You throw a boomerang. The boomerang hits the orc priest.
The orc priest is lightly wounded.
A goblin comes into view. It is wielding a +0 club.
The goblin shouts!
You slash the orc priest!
The orc priest is poisoned.
The orc priest is severely wounded.
The orc priest hits you with a +2 flail of draining!
You feel drained.
You hit the orc priest.
The orc priest looks as sick as possible!
The orc priest is almost dead.
You kill the orc priest!
An orc priest comes into view. It is wielding a +0 whip.
Your life force feels restored.
You barely miss the orc.
The orc priest shouts!
You block the orc's attack.
An endoplasm comes into view.
Unknown command.
You closely miss the orc. The orc barely misses you.
You barely miss the orc. The orc hits you but does no damage.
A dart slug comes into view.
The orc priest calls down the wrath of Beogh upon you.
Beogh smites you! The orc hits you but does no damage.
You closely miss the orc. The orc closely misses you.
You slash the orc!
You kill the orc!
You barely miss the gnoll. You hit the goblin.
You kill the goblin!
The gnoll hits you with a +0 flail.
Unknown command.
The gnoll closely misses you.
You see here a +0 club.
The gnoll attacks as you move away! You block the gnoll's attack.
The orc priest calls down the wrath of Beogh upon you.
Beogh smites you!
* * * LOW HITPOINT WARNING * * *
The gnoll attacks as you move away! The gnoll hits you with a +0 flail.
You die...

#########
######.......#
#...<<..####.#
#.####..####.#####
#...@g.oo..w..#
.....#..####J###.##.#
#.##.#..# #..J...).#
...........##.##..
...########.# .##.
#.# . #.# ## ... ...


You could see an orc priest, a gnoll, a dart slug, an orc and an endoplasm.

Vanquished Creatures
  A phantom (D:4)
  An orc priest (D:4)
  2 adders
  3 worms (D:3)
  2 dart slugs (D:1)
  2 orcs
  6 ball pythons
  7 bats
  4 endoplasms
  4 giant cockroaches
  14 goblins
  7 hobgoblins
  3 quokkas
  A frilled lizard (D:1)
  6 kobolds
  3 rats
66 creatures vanquished.

Vanquished Creatures (others)
  4 plants (D:2)
4 creatures vanquished.

Grand Total: 70 creatures vanquished

Notes
Turn   | Place    | Note
-------+----------+-------------------------------------------
     0 | D:1      | xian the Demonspawn Monk began the quest for the Orb.
     0 | D:1      | Reached XP level 1. HP: 18/18 MP: 1/1
   620 | D:1      | Gained mutation: You have sharp fingernails. [demonic
                  | ancestry]
   620 | D:1      | Reached XP level 2. HP: 11/24 MP: 2/2
  1468 | D:1      | Found a faded altar of an unknown god.
  1631 | D:1      | Gained mutation: You regenerate magic rapidly. [demonic
                  | ancestry]
  1631 | D:1      | Reached XP level 3. HP: 29/29 MP: 3/3
  2406 | D:2      | Reached skill level 1 in Throwing
  2602 | D:3      | Gained mutation: You are partially covered in thin metallic
                  | scales. (AC +2) [demonic ancestry]
  2602 | D:3      | Reached XP level 4. HP: 27/35 MP: 4/4
  2834 | D:3      | Found a radiant altar of Vehumet.
  3425 | D:4      | Noticed a phantom
  3437 | D:4      | Killed a phantom
  3438 | D:4      | Gained mutation: A meltable shield of frost defends you.
                  | (SH +4) [demonic ancestry]
  3438 | D:4      | Reached XP level 5. HP: 29/41 MP: 5/5
  3555 | D:4      | Slain by a gnoll

Illustrated notes

Levels and vault maps discovered:
D:1:      evilmike_arrival_rings, layout_loops_corners,
          ebering_ecumenical_altar_box
D:2:      cheibrodos_old_hovel, layout_rooms, minmay_tetromino_s2
D:3:      layout_basic, mainiacjoe_overflow_alcove_4, hex_intersection,
          kennysheep_generic_room_13
D:4:      layout_loops_cross, marbit_many_paths, hangedman_decor_diamond_cutter,
          kennysheep_flooded_box, minmay_surrounded, uniq_eustachio

Skill      XL: |  1  2  3  4 |
---------------+-------------+-----
Axes           | 3 |  3.8
Dodging        | 3 |  3.2
Throwing       | 1 2 |  2.7
Stealth        | 2 |  2.2
Fighting       | |  3.5
Armour         | |  0.9

Action                   |  1- 3 |  4- 6 || total
-------------------------+-------+-------++-------
Melee: Hand axe          |   128 |    30 ||   158
       Punch             |     1 |       ||     1
Throw: Boomerang         |     7 |    45 ||    52
  Use: Scroll            |       |     3 ||     3
Armor: Robe              |    13 |       ||    13
       Ring mail         |    34 |    10 ||    44
Dodge: Dodged            |    91 |    14 ||   105
Block: Other             |       |     3 ||     3
